 Dungeon Crawl Stone Soup version 0.31-a0-200-gbc41564c69 (webtiles) character file.

Game seed: 6107148843502380193

5120 qw the Skirmisher (level 10, -2/60 HPs)
             Began as a Deep Elf Hunter on June 25, 2023.
             Was a Follower of Okawaru.
             Slain by a killer bee (4 damage)
             ... on level 9 of the Dungeon.
             The game lasted 00:04:13 (7422 turns).

qw the Skirmisher (Deep Elf Hunter)                 Turns: 7422, Time: 00:04:14

Health: -2/60      AC: 13    Str: 12    XL:     10   Next: 32%
Magic:  13/15      EV: 20    Int: 15    God:    Okawaru [*.....]
Gold:   898        SH:  0    Dex: 18    Spells: 9/9 levels left

rFire   . . .        Y - +1 shortbow (drain)
rCold   + . .        (shield currently unavailable)
rNeg    . . .        n - +0 acid dragon scales
rPois   .            g - +2 hat
rElec   .            j - +0 cloak
rCorr   +            (no gloves)
SInv    .            h - +1 pair of boots
Will    +....        (no amulet)
Stlth   +++          b - ring of protection from cold
HPRegen 0.30/turn    (no ring)
MPRegen 0.14/turn

%: no passive effects
@: heroic
A: no striking features
a: Renounce Religion, Heroism


You were on level 9 of the Dungeon.
You worshipped Okawaru.
Okawaru was aware of your devotion.
You visited 2 branches of the dungeon, and saw 10 of its levels.
You also visited: Ossuary.

You collected 898 gold pieces.


   Skills:
 - Level 6.1(11.1) Fighting
 - Level 14.0(19.0) Ranged Weapons
 - Level 3.0(8.0) Armour
 + Level 9.0(14.0) Dodging
 - Level 1.2(6.2) Stealth
 - Level 4.0 Invocations


You had 9 spell levels left.
You didn't know any spells.
Your spell library was empty.

Inventory:

Hand Weapons
 Y - a +1 shortbow of draining (weapon)
Armour
 g - a +2 hat (worn)
 h - a +1 pair of boots (worn)
 j - a +0 cloak (worn)
 n - +0 acid dragon scales (worn)
Jewellery
 b - a ring of protection from cold (left hand)
 d - a ring of fire
 k - a ring of resist corrosion
 m - a ring of fire
Scrolls
 a - a scroll of identify
Potions
 c - 3 potions of enlightenment
 f - 7 potions of curing
 i - a potion of haste
 l - a potion of resistance

Dungeon Overview and Level Annotations

Branches:
Dungeon (9/15)             Temple (1/1) D:5         Ossuary (visited)
   Lair: D:8-11         Orc: D:9-12

Altars:
Ashenzari
Cheibriados
Dithmenos
Elyvilon
Fedhas
Gozag
Hepliaklqana
Kikubaaqudgha
Makhleb
Nemelex Xobeh
Okawaru
Qazlal
Ru
Sif Muna
Trog
Uskayaw
Vehumet
Wu Jian
Yredelemnul
Zin
The Shining One

Shops:
D:1 [


Message History

The killer bee stings you but does no damage.
You shoot an arrow. The arrow hits the killer bee!
You kill the killer bee!
Okawaru accepts your kill.
The shadow strikes at you from the darkness!
Reactivating autopickup.
7417 ||| INVOKING Heroism.
You gain the combat prowess of a mighty hero.
The killer bee misses you. The shadow closely misses you.
You shoot an arrow. The arrow hits the shadow!
The shadow is heavily damaged.
The killer bee misses you.
The killer bee stings you but does no damage.
The shadow slips into darkness.
The shadow flickers and vanishes!
Deactivating autopickup; reactivate with Ctrl-A.
You shoot an arrow.
The arrow closely misses the killer bee.
The arrow hits the killer bee!
You kill the killer bee!
Okawaru accepts your kill.
The killer bee stings you but does no damage.
The killer bee closely misses you.
The shadow strikes at you from the darkness!
Ouch! That really hurt!
Reactivating autopickup.
Your base Armour skill increases to level 3!
You shoot an arrow.
The arrow hits the shadow but does no damage.
The shadow is heavily damaged.
The killer bee misses you.
You shoot an arrow. The arrow hits the shadow.
The shadow is severely damaged.
The killer bee misses you. The shadow completely misses you.
The killer bee stings you but does no damage.
You shoot an arrow. The arrow hits the shadow!
You destroy the shadow!
Okawaru accepts your kill. The killer bee stings you.
You die...

..#########
.....%%@y.#
#########.#
......#.####
.>........>#
........#..#
..........##
..#.#.###.####
....#.#......#
... #.#.#.##.#


You could see a killer bee.

Vanquished Creatures
  A cyclops (D:8)
  A troll (D:8)
  A shadow (D:9)
  Eustachio (D:6)
  A wyvern (D:8)
  Grum (D:8)
  A steam dragon (D:7)
  An acid dragon (D:8)
  A water moccasin (D:5)
  2 sky beasts
  2 black bears
  4 ogres
  An ice beast (D:5)
  3 wolves (D:8)
  A centaur (D:8)
  3 phantoms
  An elf zombie (Ossuary)
  5 bullfrogs
  5 scorpions
  2 gnoll sergeants
  4 wights (D:8)
  7 killer bees (D:9)
  8 hounds
  A gnoll bouda (D:5)
  6 orc priests
  2 sleepcaps
  6 iguanas
  2 orc wizards
  5 mummies
  11 gnolls
  10 adders
  A shadow imp (D:7)
  2 white imps (D:7)
  An ufetubus (D:5)
  2 adder zombies (Ossuary)
  2 worms
  3 dart slugs
  27 orcs
  4 ball pythons
  5 endoplasms
  4 giant cockroaches
  7 goblins
  7 hobgoblins
  13 jackals
  5 quokkas
  6 bats
  5 frilled lizards
  2 goblin zombies (Ossuary)
  4 hobgoblin zombies
  A jackal zombie (Ossuary)
  2 kobolds (D:1)
  A kobold zombie (D:5)
  2 rats
  3 rat zombies (Ossuary)
209 creatures vanquished.

Notes
Turn   | Place    | Note
-------+----------+-------------------------------------------
     0 | D:1      | qw the Deep Elf Hunter began the quest for the Orb.
     0 | D:1      | Reached XP level 1. HP: 12/12 MP: 3/3
     0 | D:1      | 0 ||| qw: Version: 0.3-a-22-g0ed2b0b
     0 | D:1      | 0 ||| qw: Game counter: 5648
     0 | D:1      | 0 ||| qw: Melee chars always use a shield: true
     0 | D:1      | 0 ||| qw: God list: Okawaru
     0 | D:1      | 0 ||| qw: Allow faded altars: false
     0 | D:1      | 0 ||| qw: Do Orc after clearing Dungeon:15 true
     0 | D:1      | 0 ||| qw: Do second Lair branch before Depths: true
     0 | D:1      | 0 ||| qw: Lair rune preference: random
     0 | D:1      | 0 ||| qw: Goals: Normal
     0 | D:1      | 0 ||| PLANNING D:1-11
    19 | D:1      | HP: 3/12 [jackal (1)]
   222 | D:1      | Reached XP level 2. HP: 16/16 MP: 4/4
   227 | D:1      | Reached skill level 6 in Ranged Weapons
   625 | D:1      | Found Waedos's Antique Armour Shop.
   628 | D:1      | Reached XP level 3. HP: 20/20 MP: 5/5
   633 | D:1      | 633 ||| SHOPLISTING distressingly furry leather armour (168
                  | gold, have 0).
   633 | D:1      | 633 ||| SHOPLISTING runed ring mail (168 gold, have 0).
   633 | D:1      | 633 ||| SHOPLISTING runed scarf (192 gold, have 0).
   716 | D:1      | 716 ||| UPGRADING to +0 ring mail.
   726 | D:1      | 726 ||| DROPPING +0 leather armour.
   727 | D:1      | 727 ||| UPGRADING to +2 hat.
   732 | D:1      | 732 ||| READING scroll labelled FOTHEO URHUIQEUG.
   733 | D:1      | 733 ||| READING 2 scrolls labelled WIODIL IBRISH.
   736 | D:1      | 736 ||| READING 3 scrolls labelled GIPLAMAALY.
   837 | D:1      | 837 ||| READING scroll labelled HATWIGRUOSK.
   838 | D:1      | 838 ||| READING scroll labelled FELUTIFROM.
   839 | D:1      | 839 ||| DROPPING scroll of butterflies.
   840 | D:1      | 840 ||| DROPPING 2 scrolls of silence.
   886 | D:2      | Reached skill level 7 in Ranged Weapons
  1135 | D:2      | Reached XP level 4. HP: 25/25 MP: 6/6
  1529 | D:2      | 1529 ||| READING scroll labelled OSADIN EVATO.
  1597 | D:3      | Reached skill level 8 in Ranged Weapons
  2124 | D:3      | 2124 ||| READING 4 scrolls labelled RUOSAECOEFI.
  2125 | D:3      | 2125 ||| READING scroll labelled ZOCAYW QUDE.
  2126 | D:3      | 2126 ||| READING scroll labelled OMU DOEBRA.
  2127 | D:3      | 2127 ||| DRINKING 2 brown potions.
  2149 | D:3      | 2149 ||| READING 3 scrolls of identify.
  2149 | D:3      | 2149 ||| IDENTIFYING lumpy ruby potion
  2150 | D:3      | 2150 ||| READING 2 scrolls of identify.
  2150 | D:3      | 2150 ||| IDENTIFYING inky potion
  2151 | D:3      | 2151 ||| DROPPING potion of magic.
  2152 | D:3      | 2152 ||| DROPPING potion of lignification.
  2200 | D:4      | Reached XP level 5. HP: 29/29 MP: 7/7
  2271 | D:4      | Reached skill level 9 in Ranged Weapons
  2271 | D:4      | HP: 4/29 [orc/+0 club (5)]
  2272 | D:4      | 2272 ||| READING scroll of teleportation.
  2274 | D:4      | 2274 ||| FLEEEEING.
  2476 | D:4      | 2476 ||| FLEEEEING.
  2477 | D:4      | 2477 ||| FLEEEEING.
  2501 | D:4      | 2501 ||| READING scroll of brand weapon.
  2501 | D:4      | 2501 ||| BRANDING +1 shortbow of freezing.
  2572 | D:4      | Noticed a phantom
  2586 | D:4      | Killed a phantom
  2587 | D:4      | Reached XP level 6. HP: 32/35 MP: 8/8
  2592 | D:4      | 2592 ||| FLEEEEING.
  2593 | D:4      | 2593 ||| FLEEEEING.
  2594 | D:4      | 2594 ||| FLEEEEING.
  2595 | D:4      | 2595 ||| FLEEEEING.
  2596 | D:4      | 2596 ||| FLEEEEING.
  2597 | D:4      | 2597 ||| FLEEEEING.
  2598 | D:4      | 2598 ||| FLEEEEING.
  2600 | D:4      | 2600 ||| FLEEEEING.
  2601 | D:4      | 2601 ||| FLEEEEING.
  2602 | D:4      | 2602 ||| FLEEEEING.
  2603 | D:4      | 2603 ||| FLEEEEING.
  2604 | D:4      | 2604 ||| FLEEEEING.
  2605 | D:4      | 2605 ||| FLEEEEING.
  2606 | D:4      | 2606 ||| FLEEEEING.
  2607 | D:4      | 2607 ||| FLEEEEING.
  2610 | D:4      | 2610 ||| FLEEEEING.
  2611 | D:4      | 2611 ||| FLEEEEING.
  2612 | D:4      | 2612 ||| FLEEEEING.
  2613 | D:4      | 2613 ||| FLEEEEING.
  2614 | D:4      | 2614 ||| FLEEEEING.
  2615 | D:4      | 2615 ||| FLEEEEING.
  2616 | D:4      | 2616 ||| FLEEEEING.
  2684 | D:4      | Reached skill level 10 in Ranged Weapons
  3022 | D:4      | 3022 ||| READING scroll labelled XOANWIOBOOSH.
  3023 | D:4      | 3023 ||| READING scroll labelled BUT JOCOATURE.
  3024 | D:4      | 3024 ||| READING 2 scrolls of identify.
  3024 | D:4      | 3024 ||| IDENTIFYING yellow potion
  3025 | D:4      | 3025 ||| DROPPING potion of attraction.
  3049 | D:5      | Entered Level 5 of the Dungeon
  3050 | D:5      | 3050 ||| PLANNING OSSUARY
  3058 | D:5      | Reached skill level 3 in Dodging
  3235 | D:5      | Reached skill level 11 in Ranged Weapons
  3235 | D:5      | Reached XP level 7. HP: 40/40 MP: 9/9
  3245 | D:5      | 3245 ||| READING scroll of enchant armour.
  3245 | D:5      | 3245 ||| ENCHANTING +0 ring mail.
  3282 | D:5      | Found a sand-covered staircase.
  3288 | D:5      | 3288 ||| UPGRADING to ring of protection from cold.
  3289 | D:5      | 3289 ||| DROPPING ring of magical power.
  3290 | D:5      | 3290 ||| READING 2 scrolls of identify.
  3290 | D:5      | 3290 ||| IDENTIFYING purple potion
  3294 | Ossuary  | Entered an ossuary
  3328 | Ossuary  | HP: 10/40 [adder zombie (2)]
  3335 | Ossuary  | HP: 5/40 [hobgoblin zombie (3)]
  3341 | Ossuary  | HP: 4/40 [hobgoblin zombie (2)]
  3347 | Ossuary  | HP: 4/40 [hobgoblin zombie (1)]
  3635 | Ossuary  | 3635 ||| READING 2 scrolls labelled MUSICIAROE.
  3708 | Ossuary  | 3708 ||| READING 2 scrolls labelled YHORYBL ZALO.
  3709 | Ossuary  | 3709 ||| DRINKING 2 cyan potions.
  3710 | Ossuary  | 3710 ||| READING 4 scrolls of identify.
  3710 | Ossuary  | 3710 ||| IDENTIFYING bubbling grey potion
  3711 | Ossuary  | 3711 ||| READING 3 scrolls of identify.
  3711 | Ossuary  | 3711 ||| IDENTIFYING emerald potion
  3712 | Ossuary  | 3712 ||| DROPPING scroll of torment.
  3713 | Ossuary  | 3713 ||| DROPPING scroll of fog.
  3714 | Ossuary  | 3714 ||| DROPPING potion of brilliance.
  3727 | D:5      | 3727 ||| PLANNING D:1-11
  3757 | D:5      | Found a staircase to the Ecumenical Temple.
  3758 | D:5      | 3758 ||| PLANNING TEMPLE
  3766 | Temple   | Entered the Ecumenical Temple
  3767 | Temple   | 3767 ||| Stepping randomly (stuck).
  3768 | Temple   | 3768 ||| PLANNING D:1-11
  3853 | D:5      | Reached skill level 12 in Ranged Weapons
  4084 | D:5      | Reached skill level 1 in Armour
  4194 | D:5      | Reached XP level 8. HP: 45/45 MP: 10/10
  4203 | D:5      | Reached skill level 3 in Fighting
  4404 | D:5      | 4404 ||| FLEEEEING.
  4405 | D:5      | 4405 ||| FLEEEEING.
  4406 | D:5      | 4406 ||| FLEEEEING.
  4407 | D:5      | 4407 ||| FLEEEEING.
  4408 | D:5      | 4408 ||| FLEEEEING.
  4409 | D:5      | 4409 ||| FLEEEEING.
  4410 | D:5      | 4410 ||| FLEEEEING.
  4411 | D:5      | 4411 ||| FLEEEEING.
  4412 | D:5      | 4412 ||| FLEEEEING.
  4413 | D:5      | 4413 ||| FLEEEEING.
  4414 | D:5      | 4414 ||| FLEEEEING.
  4420 | D:5      | 4420 ||| FLEEEEING.
  4437 | D:5      | 4437 ||| FLEEEEING.
  4438 | D:5      | 4438 ||| FLEEEEING.
  4558 | D:5      | Reached skill level 13 in Ranged Weapons
  4678 | D:5      | 4678 ||| UPGRADING to +0 pair of boots.
  4683 | D:5      | 4683 ||| UPGRADING to ring of resist corrosion.
  4684 | D:5      | 4684 ||| READING 2 scrolls of identify.
  4684 | D:5      | 4684 ||| IDENTIFYING sedimented brown potion
  4703 | D:6      | 4703 ||| STAIRDANCE
  4752 | D:6      | 4752 ||| STAIRDANCE
  4776 | D:6      | Found a sacrificial altar of Ru.
  4779 | D:6      | Found an iron altar of Okawaru.
  4780 | D:6      | 4780 ||| PLANNING OKAWARU WORSHIP
  4782 | D:6      | Found a snail-covered altar of Cheibriados.
  4786 | D:6      | Found a hazy altar of Hepliaklqana.
  4787 | D:6      | Became a worshipper of Warmaster Okawaru
  4788 | D:6      | 4788 ||| PLANNING D:1-11
  4790 | D:6      | Found a bloodstained altar of Trog.
  4791 | D:6      | Found an opulent altar of Gozag.
  4793 | D:6      | Found a basalt altar of Yredelemnul.
  4797 | D:6      | Found a radiant altar of Vehumet.
  4798 | D:6      | Found a broken altar of Ashenzari.
  4869 | D:6      | Reached skill level 14 in Ranged Weapons
  4907 | D:6      | 4907 ||| Stepping ~*~*~tactically~*~*~ (outnumbered).
  4915 | D:6      | 4915 ||| Stepping ~*~*~tactically~*~*~ (outnumbered).
  4930 | D:6      | 4930 ||| FLEEEEING.
  4931 | D:6      | 4931 ||| FLEEEEING.
  4932 | D:6      | 4932 ||| FLEEEEING.
  4933 | D:6      | 4933 ||| FLEEEEING.
  4934 | D:6      | 4934 ||| FLEEEEING.
  4935 | D:6      | 4935 ||| FLEEEEING.
  4936 | D:6      | 4936 ||| FLEEEEING.
  4937 | D:6      | 4937 ||| FLEEEEING.
  4938 | D:6      | 4938 ||| STAIRDANCE
  5020 | D:6      | Reached XP level 9. HP: 42/51 MP: 11/11
  5054 | D:6      | 5054 ||| READING scroll of enchant armour.
  5054 | D:6      | 5054 ||| ENCHANTING +0 pair of boots.
  5290 | D:5      | 5290 ||| Stepping randomly (stuck).
  5589 | D:6      | Found a white marble altar of Elyvilon.
  5589 | D:6      | Found a blossoming altar of Fedhas.
  5602 | D:6      | Noticed Eustachio
  5638 | D:6      | Killed Eustachio
  5638 | D:6      | Reached * piety under Okawaru
  5656 | D:6      | Reached skill level 6 in Dodging
  5668 | D:6      | Reached skill level 1 in Invocations
  5844 | D:7      | 5844 ||| INVOKING Heroism.
  5993 | D:7      | 5993 ||| INVOKING Heroism.
  6002 | D:7      | Reached skill level 3 in Invocations
  6060 | D:7      | 6060 ||| INVOKING Heroism.
  6061 | D:7      | 6061 ||| Stepping ~*~*~tactically~*~*~ (outnumbered).
  6270 | D:7      | 6270 ||| READING 2 scrolls of identify.
  6270 | D:7      | 6270 ||| IDENTIFYING fuming sapphire potion
  6271 | D:7      | 6271 ||| DROPPING potion of degeneration.
  6295 | D:7      | 6295 ||| INVOKING Heroism.
  6299 | D:7      | 6299 ||| Stepping ~*~*~tactically~*~*~ (cloud).
  6312 | D:7      | 6312 ||| INVOKING Heroism.
  6398 | D:8      | 6398 ||| INVOKING Heroism.
  6401 | D:8      | HP: 8/44 [wight/+1 short sword (4)]
  6402 | D:8      | 6402 ||| DRINKING potion of heal wounds.
  6415 | D:8      | 6415 ||| INVOKING Heroism.
  6549 | D:8      | Found a shadowy altar of Dithmenos.
  6653 | D:8      | Found a sparkling altar of Nemelex Xobeh.
  6671 | D:8      | Noticed a troll
  6672 | D:8      | 6672 ||| INVOKING Heroism.
  6679 | D:8      | Killed a troll
  6817 | D:8      | 6817 ||| INVOKING Heroism.
  6827 | D:8      | Noticed Grum
  6837 | D:8      | Reached XP level 10. HP: 44/59 MP: 15/15
  6847 | D:8      | HP: 14/59 [wolf[Grum] (7)]
  6848 | D:8      | 6848 ||| INVOKING Heroism.
  6856 | D:8      | Killed Grum
  6907 | D:8      | 6907 ||| INVOKING Heroism.
  7048 | D:8      | Reached skill level 6 in Fighting
  7098 | D:8      | Noticed a cyclops
  7099 | D:8      | 7099 ||| INVOKING Heroism.
  7106 | D:8      | Killed a cyclops
  7107 | D:8      | Reached skill level 9 in Dodging
  7334 | D:8      | 7334 ||| UPGRADING to +0 cloak.
  7339 | D:8      | 7339 ||| UPGRADING to +0 acid dragon scales.
  7349 | D:8      | 7349 ||| REMOVING ring of resist corrosion.
  7350 | D:8      | 7350 ||| DROPPING +1 ring mail.
  7351 | D:8      | 7351 ||| DROPPING scarf of shadows.
  7417 | D:9      | 7417 ||| INVOKING Heroism.
  7419 | D:9      | HP: 1/60 [something (31)]
  7420 | D:9      | Reached skill level 3 in Armour
  7422 | D:9      | Slain by a killer bee

Levels and vault maps discovered:
D:1:      scummos_arrival_simple_fountains, layout_basic, serial_shops, shop,
          corexii_leaking_fountain
D:2:      layout_basic, hangedman_decor_lopped
D:3:      layout_basic, chequers_arboretum, minmay_misc_feat_iff
D:4:      layout_loops_ring
D:5:      minmay_polygon_palace, layout_rooms, minmay_temple_entry_junction,
          nicolae_ossuary_entry_giza
D:6:      layout_rooms, nicolae_overflow_hallway_of_the_gods,
          jmf_multi_god_temple, uniq_eustachio
D:7:      layout_rooms, eino_tiny_chamber
D:8:      layout_cave_pools, nemelex_diamond_rough_becter,
          nicolae_dithmenos_through_a_glass_darkly, grunt_decor_cap, uniq_grum
D:9:      layout_basic, serial_glass, glass_columns_c, glass_columns_a
Temple:   hellmonk_temple_micro_hex

Skill      XL: |  1  2  3  4  5  6  7  8  9 10 |
---------------+-------------------------------+-----
Ranged Weapons | 6 7 8 9 11 12 14 | 14.0
Fighting       | 2 3 5 6 |  6.1
Dodging        | 3 5 8 9 |  9.0
Armour         | 1 2 3 |  3.0
Invocations    | 4 |  4.0
Stealth        | |  1.2

Action                     |  1- 3 |  4- 6 |  7- 9 | 10-12 || total
---------------------------+-------+-------+-------+-------++-------
   Fire: Shortbow          |    92 |   171 |   499 |    96 ||   858
 Invoke: Heroism           |       |       |     9 |     4 ||    13
    Use: Scroll            |     5 |    11 |     9 |       ||    25
         Potion            |       |     1 |     2 |       ||     3
 Armour: Leather armour    |    12 |       |       |       ||    12
         Ring mail         |     3 |    28 |   162 |     3 ||   196
         Acid dragon scale |       |       |       |    17 ||    17
  Dodge: Dodged            |    27 |    45 |   256 |    70 ||   398

Table legend:
 A = Non-vault XP
 B = Vault XP
 C = Vault XP percentage of total XP
 D = Non-vault monster count
 E = Vault monster count
 F = Vault count percentage of total count
                 A         B        C        D         E       F
            +---------+---------+-------+---------+---------+-------
      Total |    5539 |    1995 |  26.5 |     168 |      41 |  19.6
            +---------+---------+-------+---------+---------+-------
        D:1 |      41 |       0 |   0.0 |      24 |       0 |   0.0
        D:2 |      81 |       0 |   0.0 |      24 |       0 |   0.0
        D:3 |      55 |       0 |   0.0 |      10 |       0 |   0.0
        D:4 |     371 |       0 |   0.0 |      26 |       0 |   0.0
        D:5 |     857 |     845 |  49.6 |      17 |      18 |  51.4
        D:6 |     629 |     414 |  39.7 |      19 |       3 |  13.6
        D:7 |     885 |       0 |   0.0 |      19 |       0 |   0.0
        D:8 |    1963 |     548 |  21.8 |      21 |       4 |  16.0
        D:9 |     657 |       0 |   0.0 |       8 |       0 |   0.0
    Ossuary |       0 |     188 | 100.0 |       0 |      16 | 100.0
            +---------+---------+-------+---------+---------+-------
